 Dungeon Crawl Stone Soup version 0.17-a0-1545-gc1bb672 (webtiles) character file.

424863 Redz the Unseen (level 24, -4/148 HPs)
             Began as a Kobold Enchanter on July 13, 2015.
             Was the Champion of Ashenzari.
             Slain by a stone giant (11 damage)
             ... while paralysed by a vampire knight
             ... on level 3 of the Depths on July 18, 2015.
             The game lasted 11:55:41 (85251 turns).

Redz the Unseen (Kobold Enchanter)                 Turns: 85251, Time: 11:55:42

Health: -4/148     AC: 12    Str: 12    XL:     24   Next: 95%
Magic:  26/42      EV:  3    Int: 30    God:    Ashenzari [******]
Gold:   3559       SH:  0    Dex: 21    Spells: 13 memorised, 2 levels left

rFire  + . .     SeeInvis +     D - +9 quick blade (flame) (curse)
rCold  . . .     Clarity  +     W - +2 robe {Archmagi} (curse)
rNeg   + . .     SustAt   +     V - +3 buckler {reflect}
rPois  .         Gourm    .     q - +0 helmet
rElec  +         Spirit   .     i - +2 cloak {MR+} (curse)
rCorr  +         Warding  .     S - +0 pair of gloves {Str+3}
rMut   .         Stasis   .     F - +0 pair of boots (curse)
MR     +....                    w - amulet "Nant" {rCorr Str+2}
Stlth  +++++++++.               A - ring "Venkoiss" {rElec MR- Int+6 Dex+2} (curse)
                                N - ring of Qibyqump {SustAt rF+ rN+ Int+3} (curse)

@: paralysed, studying Translocations, somewhat resistant to hostile
enchantments, incredibly stealthy
A: hooves 1, see invisible, carnivore 3, electricity resistance, slow healing 1
a: Scrying, Transfer Knowledge, Renounce Religion
}: 2/15 runes: barnacled, gossamer


You were on level 3 of the Depths.
You worshipped Ashenzari.
Ashenzari was exalted by your worship.
You were full.

You visited 10 branches of the dungeon, and saw 48 of its levels.
You visited the Abyss 3 times.
You also visited: Labyrinth, Ice Cave and Wizlab.

You collected 7154 gold pieces.
You spent 3595 gold pieces at shops.

Inventory:

Hand weapons
 g - a +6 quick blade of flaming
 D - a cursed +9 quick blade of flaming (weapon)
Armour
 i - a cursed +2 cloak of magic resistance (worn)
 q - a +0 helmet (worn)
 F - a cursed +0 pair of boots (worn)
 S - a +0 pair of gloves of strength (worn)
 V - a +3 buckler of reflection (worn)
 W - a cursed +2 robe of the Archmagi (worn)
Jewellery
 j - an uncursed amulet of warding
 w - the amulet "Nant" (around neck) {rCorr Str+2}
   (You found it on level 4 of the Dungeon)

   [amulet of resist corrosion]

   It protects you from acid and corrosion.
   It affects your strength (+2).
 A - the cursed ring "Venkoiss" (right hand) {rElec MR- Int+6 Dex+2}
   (You took it off a deep elf sorcerer on level 3 of the Elven Halls)

   [ring of dexterity]

   It affects your intelligence (+6).
   It affects your dexterity (+2).
   It insulates you from electricity.
   It affects your resistance to hostile enchantments.
   It has a curse placed upon it.
 N - the cursed ring of Qibyqump (left hand) {SustAt rF+ rN+ Int+3}
   (You bought it in a shop on level 4 of the Orcish Mines)

   [ring of sustain attributes]

   It sustains your strength, intelligence and dexterity.
   It affects your intelligence (+3).
   It protects you from fire.
   It protects you from negative energy.
   It has a curse placed upon it.
Magical devices
 a - a wand of heal wounds (2)
 c - a wand of digging (6)
 L - a wand of frost (41)
 T - a wand of enslavement (7)
 U - a wand of disintegration (6)
 X - a wand of hasting (5)
Scrolls
 f - 26 scrolls of identify
 k - 11 scrolls of curse armour
 n - 4 scrolls of magic mapping
 s - 9 scrolls of fog
 x - 3 scrolls of enchant armour
 G - 9 scrolls of fear
 H - 2 scrolls of amnesia
 J - 9 scrolls of recharging
 K - 19 scrolls of remove curse
 P - 3 scrolls of enchant weapon
 Z - 5 scrolls of curse weapon
Potions
 b - 11 potions of agility
 e - 5 potions of haste
 h - 8 potions of resistance
 o - 2 potions of cure mutation
 p - 2 potions of heal wounds
 u - 4 potions of magic
 v - 3 potions of flight
 z - 14 potions of curing
 B - a potion of brilliance
 E - 2 potions of might
 I - a potion of beneficial mutation
 M - 5 potions of berserk rage
 Q - 2 potions of cancellation
Books
 l - a book of Spatial Translocations

   Spells                             Type                      Level
   a - Apportation                    Translocation                1
   b - Blink                          Translocation                2
   c - Shroud of Golubria             Charms/Translocation         2
   d - Portal Projectile              Translocation                3
   e - Teleport Other                 Translocation                3
   f - Passage of Golubria            Translocation                4
 r - the Guide on the Traveller
   (You found it on level 4 of the Shoals)

   Spells                             Type                      Level
   a - Apportation                    Translocation                1
   b - Blink                          Translocation                2
   c - Portal Projectile              Translocation                3
   d - Teleport Other                 Translocation                3
   e - Force Lance                    Conjuration/Translocation    4
   f - Warp Weapon                    Charms/Translocation         5
 y - Deownuf's Catalogue of Beguiling and Summoning
   (You found it on level 2 of the Vaults)

   Spells                             Type                      Level
   a - Corona                         Hexes                        1
   b - Confusing Touch                Hexes                        2
   c - Call Imp                       Summoning                    2
   d - Confuse                        Hexes                        3
   e - Summon Ice Beast               Ice/Summoning                4
   f - Summon Hydra                   Summoning                    7
 C - the Papyrus of Calling
   (You found it on level 3 of the Elven Halls)

   Spells                             Type                      Level
   a - Summon Butterflies             Summoning                    1
   b - Summon Guardian Golem          Hexes/Summoning              3
   c - Summon Lightning Spire         Summoning/Air                4
   d - Dragon's Call                  Summoning                    9
 O - a book of the Warp

   Spells                             Type                      Level
   a - Recall                         Summoning/Translocation      3
   b - Gell's Gravitas                Hexes/Translocation          3
   c - Force Lance                    Conjuration/Translocation    4
   d - Phase Shift                    Translocation                5
   e - Warp Weapon                    Charms/Translocation         5
   f - Summon Forest                  Summoning/Translocation      5
 R - a manual of Translocations
Comestibles
 d - 17 meat rations
 m - 6 slices of pizza
 t - 18 beef jerkies
 Y - 4 chunks of flesh


   Skills:
 + Level 14.1 Fighting
 + Level 16.4(20.2) Short Blades
 + Level 10.9 Armour
 + Level 15.5(18.0) Dodging
 + Level 18.2(20.5) Stealth
 + Level 8.8 Shields
 * Level 15.8 Spellcasting
 + Level 14.7(17.3) Hexes
 + Level 15.2(17.7) Summonings
 - Level 9.0(11.9) Necromancy
 - Level 9.0(11.9) Translocations
 - Level 5.0(8.0) Evocations


You had 2 spell levels left.
You knew the following spells:

 Your Spells              Type           Power        Failure   Level  Hunger
a - Corona                Hex            #######      0%          1    None
b - Summon Hydra          Summ           ########..   1%          7    #####..
c - Confuse               Hex            ########     0%          3    None
d - Tukima's Dance        Hex            ########     0%          3    None
e - Haunt                 Necr/Summ      ########..   4%          7    #####..
f - Summon Guardian Gole  Hex/Summ       ########     0%          3    None
g - Spectral Weapon       Hex/Chrm       #######.     1%          3    None
h - Passage of Golubria   Tloc           N/A          1%          4    None
i - Silence               Hex/Air        #######...   1%          5    None
j - Invisibility          Hex            ########     1%          6    ###....
k - Inner Flame           Hex/Fire       #######.     1%          3    None
l - Apportation           Tloc           #######...   0%          1    None
t - Mass Confusion        Hex            ########..   1%          6    ###....


Dungeon Overview and Level Annotations

Branches:
Dungeon (15/15)            Temple (1/1) D:5            Lair (8/8) D:10
 Shoals (4/4) Lair:3       Spider (4/4) Lair:3        Slime (0/6) Lair:8
    Orc (4/4) D:12            Elf (3/3) Orc:3        Vaults (4/5) D:14
  Crypt (2/3) Vaults:3     Depths (3/5) D:15

Altars:
Ashenzari
Cheibriados
Dithmenos
Elyvilon
Fedhas
Gozag
Kikubaaqudgha
Makhleb
Nemelex Xobeh
Okawaru
Qazlal
Ru
Sif Muna
Trog
Vehumet
Xom
Yredelemnul
Zin
The Shining One
Beogh

Shops:
D:9 *   D:15 *(   Orc:1 (   Orc:2 *   Orc:4 =}}(   Elf:2 !   Shoals:3 (
Vaults:1 (   Vaults:3 %%

Portals:
Hell: Depths:1 Depths:2 Depths:3
Abyss: Depths:1 Depths:3
Pandemonium: Depths:3
Ziggurat: Depths:1

Annotations:
Spider:2 Asterion


Innate Abilities, Weirdness & Mutations

You are small and have problems with some larger weapons.
You are carnivorous and can eat meat at any time.
You have large cloven feet.
You have supernaturally acute eyesight.
You are resistant to electric shocks.
You heal slowly when monsters are visible.


Message History

The vampire knight misses your phantasmal warrior.
The vampire knight bites you!
* * * LOW HITPOINT WARNING * * *
Your phantasmal warrior hits the vampire knight!!
The vampire knight's magical defenses are stripped away!
The vampire knight hits you with a battleaxe!!
* * * LOW HITPOINT WARNING * * *
The vampire knight barely misses your phantasmal warrior.
The vampire knight bites you but does no damage.
Your wraith hits the stone giant.
Your wraith drains the stone giant's vigour!
The stone giant seems to slow down.
The ice dragon bites your wraith!
The ice dragon claws your wraith but does no damage.
The ice dragon barely misses your wraith.
The vampire knight casts a spell.
The vampire knight flickers and vanishes for a moment.
Your phantasmal warrior hits the vampire knight!
The stone giant hits you!
You die...

####* # ### ######### ##...##.#
####.###....#..#########........
.#..............#D.#..##...P....
.....##...##..WV@C.CC)(......∩..
#.#..#.#...#...##WD.(##(.C.∩≈≈∩.
......##...##..#.#..#.#.....≈≈..
#.#.............##..##...V...∩.P,
..........................P.....,
###################.............,
,* ** ** ***##++###...P... , , {
≈ ≈ ≈≈ ≈ ≈ ....... * **, *≈, ,,,
,≈≈*, , *


You could see a fire dragon, an ice dragon, 2 stone giants, a vampire knight
(invisible), an ettin, a friendly phantasmal warrior and a friendly wraith.

Vanquished Creatures
  A golden dragon (Depths:2)
  Jory (Vaults:2)
  Arachne (Spider:2)
  A tentacled monstrosity (WizLab)
  2 deep elf master archers (Elf:3)
  4 liches
  A deep elf blademaster (Elf:3)
  2 tentacled starspawn
  A sphinx (Depths:1)
  A titan (Vaults:2)
  An eldritch tentacle (WizLab)
  An ancient champion (Crypt:2)
  An acid blob (shapeshifter) (Vaults:3)
  A sphinx (shapeshifter) (D:15)
  A kraken (Shoals:4)
  Agnes (D:15)
  4 tengu reavers
  A storm dragon (Depths:2)
  Ilsuiw (Shoals:4)
  Wiglaf (Elf:2)
  A revenant (Crypt:2)
  3 deep elf sorcerers (Elf:3)
  5 ghost moths
  5 vault wardens
  3 fire giants (Depths:2)
  2 orc warlords
  A curse skull (Crypt:1)
  7 emperor scorpions
  11 ironheart preservers
  5 very ugly things
  2 vampire knights
  3 stone giants
  5 deep elf annihilators (Elf:3)
  3 deep elf demonologists (Elf:3)
  A dire elephant (Lair:8)
  2 crystal guardians (Vaults:4)
  6 merfolk javelineers
  An ettin (Depths:2)
  2 vault guards (D:14)
  6 deep elf death magi
  6 jiangshi
  2 fire dragons
  6 great orbs of eyes
  A minotaur (Lab)
  9 merfolk impalers
  12 yaktaur captains
  3 entropy weavers
  Fannar (D:10)
  3 ice dragons
  6 hydras
  A death knight (Crypt:2)
  An ice dragon (shapeshifter) (Depths:1)
  A merfolk avatar (Shoals:3)
  10 ogre magi
  14 centaur warriors
  2 alligator snapping turtles
  5 deep troll shamans
  15 dancing weapons
  11 merfolk aquamancers
  An alligator snapping turtle (shapeshifter) (Vaults:2)
  A tengu warrior (D:14)
  2 satyrs
  A vampire mage (Crypt:1)
  4 death yaks
  4 small abominations
  5 thrashing horrors
  The ghost of Promi the Summoner, an experienced DDNe of Sif Muna (D:14)
  A hell hog (Abyss:3)
  4 deep troll earth magi
  Urug (Orc:3)
  2 orc high priests
  A storm dragon zombie (Depths:2)
  A hell knight (D:15)
  15 skeletal warriors
  3 fire crabs
  A fire crab (shapeshifter) (Vaults:3)
  18 deep elf knights
  23 deep trolls
  3 ice devils (IceCv)
  2 iron trolls (Depths:1)
  10 deep elf summoners
  A shadow wraith (Crypt:2)
  An unseen horror (shapeshifter) (Vaults:2)
  A golden dragon zombie (Depths:2)
  17 sea snakes
  15 ironbrand convokers
  2 ice statues (IceCv)
  7 orc knights
  10 hill giants
  An anaconda skeleton (Crypt:2)
  An obsidian statue (WizLab)
  5 flayed ghosts
  A death drake (shapeshifter) (Elf:2)
  Pikel (D:7)
  3 wizards
  2 unseen horrors
  A shining eye (shapeshifter) (Depths:2)
  A harpy (shapeshifter) (Vaults:4)
  7 phantasmal warriors
  17 orb spiders
  33 wolf spiders
  13 deep elf conjurers
  6 fauns
  10 necromancers
  2 iron dragon zombies (Crypt:2)
  A mana viper (WizLab)
  9 harpies
  2 salamanders (shapeshifter)
  12 griffons
  2 stone giant zombies
  A fire giant zombie (Crypt:1)
  7 water nymphs
  15 hornets
  15 manticores
  A sphinx skeleton (Vaults:4)
  3 orc sorcerers
  A moth of wrath (Spider:4)
  2 cyclopes
  36 ugly things
  6 elephants
  3 fire giant skeletons
  A worldbinder (WizLab)
  5 sirens
  11 black mambas
  A frost giant skeleton (Crypt:1)
  13 spiny frogs
  3 gargoyles
  The ghost of Ebilmort the Magician, an experienced DEWz (D:6)
  A torpor snail (Spider:2)
  A smoke demon (WizLab)
  12 vault sentinels
  A black draconian zombie (Crypt:1)
  3 kobold demonologists
  5 freezing wraiths
  14 demonic crawlers
  17 deep elf priests
  3 tengu conjurers
  10 fire drakes
  7 komodo dragons
  9 trolls
  52 yaktaurs
  26 merfolk
  A catoblepas skeleton (Crypt:1)
  8 blue devils
  11 blink frogs
  2 polar bears (shapeshifter)
  2 wind drakes (Shoals:3)
  36 jumping spiders
  2 trolls (shapeshifter)
  7 snapping turtles
  Grinder (D:5)
  A harpy skeleton (Crypt:2)
  Prince Ribbit (D:7)
  2 hornet zombies
  2 polar bears
  2 large abominations
  4 boulder beetles
  An ettin zombie (Vaults:1)
  A fire giant simulacrum (Depths:2)
  A vampire (Crypt:2)
  18 slime creatures
  16 two-headed ogres
  9 water elementals
  36 deep elf magi
  15 trapdoor spiders
  25 tarantellas
  A redback (shapeshifter) (Vaults:2)
  Sigmund (D:4)
  A shadow (Crypt:1)
  2 ettin skeletons
  13 humans (D:14)
  5 wyverns
  A hog (shapeshifter) (Vaults:2)
  A frost giant simulacrum (Abyss:3)
  An alligator skeleton (Crypt:1)
  A fire dragon skeleton (Crypt:2)
  28 yaks
  60 redbacks
  7 wraiths
  The ghost of Tyryt0 the Shield-Bearer, an average MiFi of Vehumet (D:4)
  A hill giant zombie (D:12)
  A golden eye (shapeshifter) (Depths:2)
  A salamander simulacrum (Vaults:1)
  2 basilisks
  Grum (D:10)
  18 hippogriffs
  4 hungry ghosts
  A yaktaur simulacrum (Vaults:1)
  A mottled dragon (D:15)
  A neqoxec (Abyss:2)
  An insubstantial wisp (WizLab)
  2 steam dragons (D:8)
  3 wargs
  4 spatial vortices (WizLab)
  45 deep elf fighters
  25 wolves
  21 vampire mosquitoes
  32 orc warriors
  2 ogre skeletons
  16 water moccasins
  10 porcupines
  Duvessa (D:7)
  12 ice beasts
  An ettin simulacrum (Vaults:1)
  An eye of draining (shapeshifter) (Vaults:3)
  6 sky beasts
  27 spiders
  2 black bears
  A snapping turtle zombie (Crypt:2)
  A deep troll simulacrum (Depths:1)
  39 ogres
  4 phantoms
  2 necrophages
  5 wasps
  24 crocodiles
  A hog zombie (Crypt:2)
  A manticore skeleton (Crypt:1)
  A human skeleton (Vaults:4)
  A snapping turtle skeleton (Crypt:1)
  2 brain worms
  23 centaurs
  A brain worm (shapeshifter) (Depths:1)
  3 elf zombies
  A gnoll sergeant (D:9)
  31 giant frogs
  Dowan (D:7)
  3 big kobolds
  An elf skeleton (D:9)
  15 killer bees
  7 scorpions
  A queen bee zombie (Crypt:1)
  5 troll zombies
  16 wights
  6 crimson imps
  6 electric eels
  4 human simulacra
  5 centaur skeletons
  2 giant frog zombies
  A quasit (D:12)
  3 human zombies
  6 centaur zombies
  4 jellies
  26 orc priests
  8 hounds
  28 orc wizards
  A killer bee zombie (D:10)
  9 worker ants
  11 iguanas
  2 hell rats (Lair:6)
  5 ogre zombies
  21 sheep
  A sky beast zombie (Crypt:2)
  A naga skeleton (Crypt:2)
  2 hound skeletons
  4 mummies (D:9)
  A worker ant zombie (D:11)
  15 gnolls
  118 river rats
  9 adders
  A gnoll (shapeshifter) (Vaults:1)
  5 shadow imps
  8 white imps
  8 ufetubi
  3 oozes
  A worm (D:3)
  5 giant geckos
  172 orcs
  8 giant cockroaches
  18 hobgoblins
  32 kobolds
  7 quokkas
  A ball python (D:1)
  17 bats
  A giant gecko zombie (D:5)
  8 giant newts
  9 goblins
  2 goblin skeletons (D:12)
  2 goblin zombies (D:12)
  A hobgoblin skeleton (D:12)
  4 hobgoblin zombies (D:12)
  5 jackals
  4 orc skeletons
  14 orc zombies
  17 rats
  2 butterflies (D:5)
  A crawling corpse (Elf:3)
  A fungus (Lair:6)
  2 plants
2202 creatures vanquished.

Vanquished Creatures (collateral kills)
  Norris (Spider:1)
  A golden dragon (Depths:2)
  A tentacled monstrosity (WizLab)
  A storm dragon (Depths:2)
  Roxanne (D:15)
  A revenant (Crypt:1)
  Donald (Spider:3)
  A frost giant (Depths:2)
  2 vault wardens
  2 fire giants (Depths:2)
  An orc warlord (Orc:3)
  3 deep elf sorcerers (Elf:3)
  4 ironheart preservers (Vaults:2)
  2 very ugly things (Depths:1)
  7 deep elf demonologists (Elf:3)
  2 stone giants
  A deep elf annihilator (Elf:3)
  A vampire knight (Crypt:1)
  5 ettins
  2 fire dragons
  A merfolk javelineer (Shoals:4)
  An eidolon (Crypt:1)
  A deep elf death mage (Elf:3)
  2 merfolk impalers (Shoals:4)
  2 jiangshi
  2 vault guards (Vaults:4)
  3 deep elf high priests (Elf:3)
  2 rakshasas
  Harold (Orc:1)
  An ice dragon (Depths:2)
  2 entropy weavers (Depths:1)
  A merfolk aquamancer (Shoals:4)
  A death knight (Crypt:1)
  A deep troll shaman (Depths:1)
  3 ogre magi
  6 tengu warriors
  A deep troll earth mage (Depths:1)
  A vampire mage (Crypt:2)
  4 orc high priests
  2 slime creatures (Depths:2)
  5 deep elf knights
  An iron troll (Depths:2)
  2 deep elf summoners (Elf:3)
  A wizard (Depths:1)
  7 deep trolls
  2 phantasmal warriors (Crypt:1)
  4 orc knights
  4 deep elf conjurers
  A lindwurm (shapeshifter) (Depths:2)
  3 orb spiders
  5 necromancers
  A salamander (Depths:1)
  6 ugly things
  An orc sorcerer (Orc:4)
  3 sirens
  A fire giant skeleton (Crypt:1)
  A dire elephant zombie (Crypt:2)
  2 stone giant skeletons
  4 vault sentinels
  A smoke demon (WizLab)
  A dire elephant skeleton (Crypt:1)
  7 yaktaurs
  A deep elf priest (Elf:3)
  2 tengu conjurers (Depths:2)
  A freezing wraith (Crypt:1)
  5 merfolk
  3 trolls
  5 two-headed ogres
  A tarantella (shapeshifter) (Depths:3)
  4 redbacks
  2 deep elf magi
  2 water elementals
  A vampire mosquito (Vaults:1)
  A basilisk (shapeshifter) (Depths:2)
  6 humans (D:14)
  A golden eye (shapeshifter) (Depths:2)
  4 deep elf fighters
  2 wargs (Vaults:4)
  A spider (Spider:4)
  27 orc warriors
  A wasp (Spider:4)
  10 ogres
  13 wights
  A spriggan skeleton (Crypt:2)
  22 orc priests
  A basilisk zombie (Lair:3)
  15 orc wizards
  29 orcs
  A bat zombie (D:6)
  A hobgoblin (Orc:4)
304 creatures vanquished.

Vanquished Creatures (others)
  A deep elf blademaster (Elf:3)
  Aizul (Elf:2)
  A catoblepas (Lair:8)
  A centaur warrior (Depths:2)
  A deep troll shaman (Lair:8)
  35 dancing weapons
  A death yak (Lair:7)
  A harpy (Vaults:1)
  A water nymph (Shoals:2)
  A siren (Shoals:2)
  An ugly thing (Vaults:3)
  A vault sentinel (Vaults:4)
  A deep elf priest (Elf:2)
  A yaktaur (Vaults:2)
  A merfolk (Shoals:2)
  3 redbacks (Spider:3)
  3 deep elf fighters
  3 deep elf magi
  A vampire mosquito (Vaults:1)
  2 centaurs (D:15)
  3 orc priests
  4 white imps (IceCv)
  An ufetubus (IceCv)
  4 jackals (D:7)
  A rat (D:7)
  A bush (Elf:3)
  1034 eldritch tentacle segments (WizLab)
  51 fungi
  2 lost souls
  35 plants
  2 spectral weapons
  24 tentacles (Shoals:4)
  247 tentacle segments (Shoals:4)
1470 creatures vanquished.

Grand Total: 3976 creatures vanquished

Notes
Turn   | Place    | Note
--------------------------------------------------------------
     0 | D:1      | Redz the Kobold Enchanter began the quest for the Orb.
     0 | D:1      | Reached XP level 1. HP: 10/10 MP: 3/3
   137 | D:1      | Reached XP level 2. HP: 15/15 MP: 5/5
   141 | D:1      | Learned a level 2 spell: Ensorcelled Hibernation
   578 | D:1      | Reached XP level 3. HP: 18/20 MP: 6/6
  1114 | D:2      | Reached skill level 1 in Fighting
  1114 | D:2      | Reached XP level 4. HP: 25/25 MP: 7/7
  1217 | D:2      | Found a blossoming altar of Fedhas.
  1502 | D:2      | Found a sparkling altar of Nemelex Xobeh.
  1556 | D:2      | Learned a level 3 spell: Confuse
  1877 | D:3      | Reached XP level 5. HP: 23/30 MP: 9/9
  2013 | D:3      | Noticed an ice beast
  2092 | D:3      | Found a glowing golden altar of the Shining One.
  2650 | D:4      | Learned a level 3 spell: Tukima's Dance
  2664 | D:4      | Reached skill level 5 in Stealth
  2781 | D:4      | Noticed Tyryt0's ghost (average MiFi)
  2920 | D:3      | Reached XP level 6. HP: 18/35 MP: 7/10
  3105 | D:4      | Noticed Sigmund
  3112 | D:4      | Killed Sigmund
  3112 | D:4      | Reached XP level 7. HP: 38/40 MP: 11/11
  3136 | D:4      | Got a pitted crystal amulet
  3494 | D:5      | Entered Level 5 of the Dungeon
  3929 | D:5      | Identified the amulet "Nant" {rCorr Str+2} (You found it on level 4 of the Dungeon)
  3937 | D:5      | Found a staircase to the Ecumenical Temple.
  3954 | Temple   | Entered the Ecumenical Temple
  4019 | D:5      | Noticed Grinder
  4032 | D:5      | Killed Grinder
  4032 | D:5      | Reached skill level 6 in Stealth
  4032 | D:5      | Reached XP level 8. HP: 41/46 MP: 9/13
  4829 | D:5      | Got a heavily runed leather armour
  4838 | D:5      | Reached skill level 5 in Dodging
  4865 | D:5      | Identified the +1 leather armour of Free Will {rPois Int+3} (You found it on level 5 of the Dungeon)
  4869 | D:5      | Learned a level 3 spell: Dazzling Spray
  4959 | D:6      | Reached skill level 5 in Short Blades
  5145 | D:3      | Killed an ice beast
  5402 | D:6      | Reached skill level 1 in Armour
  5459 | D:6      | Noticed Ebilmort's ghost (experienced DEWz)
  6197 | D:6      | Reached skill level 7 in Stealth
  6197 | D:6      | Reached XP level 9. HP: 52/52 MP: 15/15
  6210 | D:7      | Noticed Pikel
  6236 | D:7      | Killed Pikel
  6236 | D:7      | Reached skill level 5 in Hexes
  6484 | D:7      | Reached skill level 5 in Fighting
  6540 | D:7      | Reached skill level 5 in Spellcasting
  6699 | D:7      | Noticed Duvessa
  6699 | D:7      | Noticed Dowan
  6720 | D:7      | Noticed Prince Ribbit
  6736 | D:7      | Killed Prince Ribbit
  6736 | D:7      | Reached skill level 8 in Stealth
  6953 | D:7      | Got a crude hand axe
  6954 | D:7      | Identified the +2 hand axe of Irrepressible Laughter {venom, rF+ Int+5} (You found it on level 7 of the Dungeon)
  7380 | D:6      | Reached XP level 10. HP: 48/59 MP: 6/17
  8430 | D:8      | Found a glowing golden altar of the Shining One.
  8897 | D:9      | Found Zyhuodwy's Assorted Antiques.
  8939 | D:9      | Reached skill level 9 in Stealth
  9237 | D:9      | Found a sparkling altar of Nemelex Xobeh.
 10237 | D:9      | Reached XP level 11. HP: 65/65 MP: 16/19
 10553 | D:9      | Got an iridescent rapier
 10554 | D:9      | Identified the cursed +0 rapier "Qoudow" {freeze, rC+ MR+ Int-4} (You found it on level 9 of the Dungeon)
 10579 | D:9      | Found a glowing silver altar of Zin.
 10688 | D:9      | Found a shadowy altar of Dithmenos.
 10688 | D:9      | Found a shattered altar of Ashenzari.
 10697 | D:9      | Became a worshipper of Ashenzari the Shackled
 11072 | D:9      | Found an ancient bone altar of Kikubaaqudgha.
 11327 | D:10     | Entered Level 10 of the Dungeon
 11807 | D:10     | Reached skill level 10 in Stealth
 12056 | D:10     | Noticed a hill giant
 12098 | D:10     | Killed a hill giant
 12293 | D:10     | Noticed Fannar
 12352 | D:10     | Found a staircase to the Lair.
 12463 | D:10     | Noticed Grum
 12661 | D:11     | Noticed a hill giant
 12665 | D:11     | Killed a hill giant
 12985 | D:11     | Noticed a white ugly thing
 13007 | D:11     | Killed a white ugly thing
 13471 | D:10     | Noticed a hill giant
 13475 | D:10     | Reached skill level 5 in Armour
 13477 | D:10     | Reached XP level 12. HP: 68/71 MP: 13/22
 13484 | D:10     | Killed a hill giant
 13662 | D:6      | Killed Ebilmort's ghost
 13930 | D:4      | Killed Tyryt0's ghost
 14036 | D:7      | Killed Duvessa
 14075 | D:7      | Killed Dowan
 14247 | D:10     | Killed Fannar
 14711 | D:10     | Gained mutation: You have supernaturally acute eyesight. [potion of mutation]
 14711 | D:10     | Gained mutation: You are dopey. (Int -2) [potion of mutation]
 14711 | D:10     | Lost mutation: You are dopey. (Int -2) [potion of mutation]
 14808 | D:12     | Found a snail-covered altar of Cheibriados.
 14825 | D:12     | Reached skill level 10 in Short Blades
 15124 | D:12     | Reached skill level 11 in Stealth
 15408 | D:12     | Found a staircase to the Orcish Mines.
 16345 | D:13     | Noticed a centaur warrior
 16362 | D:13     | Killed a centaur warrior
 16673 | D:13     | Reached XP level 13. HP: 73/78 MP: 11/24
 16957 | D:13     | Acquired Ashenzari's second power
 17458 | D:14     | Reached skill level 10 in Dodging
 18052 | D:13     | Reached skill level 12 in Stealth
 18234 | D:14     | Reached skill level 1 in Shields
 18408 | D:14     | Noticed a vault guard
 19065 | D:10     | Killed Grum
 19284 | D:15     | Entered Level 15 of the Dungeon
 19334 | D:14     | Noticed Promi's ghost (experienced DDNe)
 19360 | D:14     | Killed Promi's ghost
 19649 | D:14     | Killed a vault guard
 20136 | D:14     | Reached XP level 14. HP: 73/86 MP: 23/26
 20154 | D:14     | Found a gate to the Vaults.
 20174 | D:14     | Noticed a vault guard
 20183 | D:14     | Killed a vault guard
 20348 | D:15     | Noticed Agnes
 20400 | Orc:1    | Entered Level 1 of the Orcish Mines
 20460 | Orc:1    | Found Suulio's Antique Weapon Boutique.
 20501 | Orc:1    | Noticed Harold
 20537 | Orc:1    | Killed Harold
 21691 | Orc:3    | Noticed an orc warlord
 21706 | Orc:3    | Killed an orc warlord
 22128 | Orc:2    | Found Iroir's Assorted Antiques.
 22208 | Orc:3    | Found a staircase to the Elven Halls.
 22406 | Orc:3    | Noticed Urug
 22422 | Orc:3    | Killed Urug
 22713 | Orc:3    | Noticed an orc warlord
 22740 | Orc:3    | Killed an orc warlord
 22740 | Orc:3    | Reached skill level 13 in Stealth
 22918 | Orc:3    | Found a roughly hewn altar of Beogh.
 23020 | Orc:4    | Entered Level 4 of the Orcish Mines
 24237 | Orc:4    | Found a roughly hewn altar of Beogh.
 24530 | Orc:4    | Gained mutation: You are clumsy. (Dex -2) [a neqoxec]
 24751 | Orc:4    | Reached skill level 10 in Fighting
 24780 | Orc:4    | Found Waot's Gadget Boutique.
 24781 | Orc:4    | Found Pimeuxt's Jewellery Shop.
 24782 | Orc:4    | Found Wuijo's Gadget Shop.
 24785 | Orc:4    | Found Xoer's Antique Weapon Boutique.
 25051 | Orc:4    | Bought the ring of Qibyqump {SustAt rF+ rN+ Int+3} for 420 gold pieces
 25051 | Orc:4    | Bought the ring of Engat {+Inv MR+ Str+3} for 489 gold pieces
 25404 | Lair:1   | Entered Level 1 of the Lair of Beasts
 25462 | Lair:1   | Found a labyrinth entrance.
 25481 | Lab      | Entered a labyrinth
 26004 | Lab      | Identified the Tome of Fascination
 26004 | Lab      | Identified a +2 rod of inaccuracy (9/9)
 26021 | Lab      | Learned a level 3 spell: Summon Guardian Golem
 26025 | Lab      | Learned a level 3 spell: Spectral Weapon
 26031 | Lab      | Learned a level 5 spell: Silence
 26038 | Lab      | Learned a level 6 spell: Mass Confusion
 26270 | Lair:1   | Acquired Ashenzari's third power
 26271 | Lair:1   | Found a shadowy altar of Dithmenos.
 27991 | Lair:3   | Acquired Ashenzari's fourth power
 28027 | Lair:3   | Reached skill level 10 in Hexes
 28027 | Lair:3   | Reached XP level 15. HP: 89/92 MP: 23/28
 28383 | Lair:3   | Found a staircase to the Shoals.
 28508 | Lair:3   | Reached skill level 1 in Evocations
 28524 | Lair:3   | Found a hole to the Spider Nest.
 29954 | Lair:4   | Acquired Ashenzari's fifth power
 30192 | Lair:5   | Reached skill level 14 in Stealth
 32231 | Lair:7   | Found a frozen archway.
 32317 | IceCv    | Entered an ice cave
 33431 | IceCv    | Identified the +8 demon trident "Orb Guardian's Death" {vamp, +Fly MP+9 Str-2 Dex+4}
 34799 | Lair:7   | Reached XP level 16. HP: 42/99 MP: 24/29
 35139 | Lair:8   | Entered Level 8 of the Lair of Beasts
 35189 | Lair:8   | Reached skill level 10 in Spellcasting
 36247 | Lair:8   | Found a staircase to the Slime Pits.
 37167 | Lair:8   | Reached skill level 5 in Evocations
 37175 | Lair:8   | Learned a level 6 spell: Invisibility
 37740 | Spider:1 | Entered Level 1 of the Spider Nest
 38418 | Spider:2 | Noticed Norris
 38434 | Spider:1 | Killed Norris
 38434 | Spider:1 | Reached skill level 15 in Stealth
 38434 | Spider:1 | Reached skill level 5 in Shields
 38479 | Spider:2 | Noticed Asterion
 38714 | Spider:2 | Identified the +3 trident "Pendulum" {flame, rPois rF+ Dex-4}
 39406 | Spider:2 | Reached XP level 17. HP: 96/104 MP: 21/31
 39785 | Spider:2 | Noticed Arachne
 39786 | Spider:2 | Killed Arachne
 41774 | Spider:4 | Entered Level 4 of the Spider Nest
 41830 | Spider:4 | Noticed Donald
 41862 | Spider:3 | Killed Donald
 43987 | Spider:4 | Reached XP level 18. HP: 112/112 MP: 25/33
 45005 | Spider:4 | Got a gossamer rune of Zot
 45361 | D:15     | Found Dyuruewa's Elemental Accessories.
 45524 | D:15     | Reached skill level 16 in Stealth
 45672 | D:15     | Bought Sif Muna's Disquisition on Fire and Arcane Weapons for 621 gold pieces
 45676 | D:15     | Learned a level 3 spell: Inner Flame
 45679 | D:15     | Learned a level 1 spell: Apportation
 45753 | D:15     | Found a staircase to the Depths.
 45756 | D:15     | Noticed Roxanne
 46076 | D:15     | Killed Agnes
 46219 | D:15     | Found Noysm's Antique Weapon Shop.
 46352 | Depths:1 | Entered Level 1 of the Depths
 46357 | Depths:1 | Found a shattered altar of Ashenzari.
 46457 | Depths:1 | Found a one-way gate to the infinite horrors of the Abyss.
 46918 | Elf:1    | Entered Level 1 of the Elven Halls
 46937 | Elf:1    | Upgraded the game from 0.17-a0-1519-g2001520 to 0.17-a0-1521-gbe3fe00
 47144 | Elf:1    | Identified the Almanac of Evil
 47358 | Elf:1    | Reached skill level 15 in Short Blades
 47863 | Elf:2    | Reached XP level 19. HP: 113/117 MP: 20/35
 48094 | Elf:2    | Found a runed gate.
 48094 | Elf:2    | Found a runed gate.
 48097 | Elf:2    | Found a runed gate.
 48288 | Elf:2    | Found Guvap's Distillery.
 48316 | Elf:2    | Bought a potion of heal wounds for 70 gold pieces
 48399 | Elf:2    | Noticed Wiglaf
 48402 | Elf:2    | Killed Wiglaf
 48557 | Elf:2    | Gained mutation: You are very clumsy. (Dex -4) [mutagenic glow]
 48756 | Elf:2    | Noticed Aizul
 49501 | Elf:2    | Gained mutation: You can spit weak poison. [mutagenic glow]
 49625 | Elf:2    | Killed Aizul
 50309 | Elf:2    | Reached skill level 10 in Armour
 50387 | Elf:3    | Entered Level 3 of the Elven Halls
 50728 | Elf:3    | Found a radiant altar of Vehumet.
 51337 | Elf:3    | Noticed a Brimstone Fiend
 51917 | Elf:3    | Reached skill level 17 in Stealth
 52022 | Elf:3    | Cast into the Abyss (a deep elf demonologist)
 52162 | Abyss:1  | Found a corrupted altar of Lugonu.
 52532 | Elf:3    | Escaped the Abyss
 52539 | Elf:3    | Identified the +1 quarterstaff of the Known World {holy, Dex+9} (You took it off a deep elf demonologist on level 3 of the Elven Halls)
 52618 | Elf:3    | Identified the cursed +1 halberd "Tahamuc" {freeze, MP+9 Str+4}
 54653 | Elf:3    | Reached XP level 20. HP: 124/124 MP: 30/36
 55572 | Elf:3    | Identified the ring "Venkoiss" {rElec MR- Int+6 Dex+2} (You took it off a deep elf sorcerer on level 3 of the Elven Halls)
 55676 | Elf:3    | Noticed a Brimstone Fiend
 55712 | Elf:3    | Cast into the Abyss (a deep elf demonologist)
 55728 | Abyss:1  | Noticed a hellephant
 55804 | Abyss:1  | Noticed a bone dragon
 56054 | Abyss:3  | Found a deep blue altar of Sif Muna.
 56084 | Elf:3    | Escaped the Abyss
 56094 | Elf:3    | Identified the ring "Suebosank" {+Inv EV+3 Int+2} (You took it off a deep elf demonologist on level 3 of the Elven Halls)
 56240 | Elf:3    | Identified the ring of the Duke {rPois rN+} (You took it off a deep elf demonologist on level 3 of the Elven Halls)
 56312 | Elf:3    | Got the uncursed helmet of Autumn {rPois rCorr MP-9 SInv}
 56327 | Elf:3    | Identified the Papyrus of Calling
 56389 | Elf:3    | Gained mutation: You possess an exceptional clarity of mind. [potion of beneficial mutation]
 56397 | Elf:3    | Identified a scroll of acquirement
 56397 | Elf:3    | Identified the cursed -2 cloak of the Countless Eyes {Str+4 SInv Stlth+} (You acquired it on level 3 of the Elven Halls)
 56747 | Shoals:1 | Entered Level 1 of the Shoals
 57073 | Shoals:1 | Upgraded the game from 0.17-a0-1521-gbe3fe00 to 0.17-a0-1534-gf98da79
 57505 | Shoals:2 | Gained mutation: Armour fits poorly on your strangely shaped body. [mutagenic glow]
 58030 | Shoals:3 | Found Ruefiff's Antique Weapon Shoppe.
 58214 | Shoals:3 | Gained mutation: You heal slowly when monsters are visible. [mutagenic glow]
 58218 | Shoals:3 | Identified the +1 robe "Wied" {MR+ Int+2}
 58664 | Elf:2    | Bought a potion of cure mutation for 490 gold pieces
 58664 | Elf:2    | Bought 2 potions of cure mutation for 980 gold pieces
 58671 | Elf:2    | Lost mutation: You can spit weak poison. [potion of cure mutation]
 58671 | Elf:2    | Lost mutation: You possess an exceptional clarity of mind. [potion of cure mutation]
 58671 | Elf:2    | Lost mutation: Armour fits poorly on your strangely shaped body. [potion of cure mutation]
 58671 | Elf:2    | Lost mutation: You are very clumsy. (Dex -4) [potion of cure mutation]
 58671 | Elf:2    | Lost mutation: You are clumsy. (Dex -2) [potion of cure mutation]
 59492 | Shoals:3 | Reached skill level 1 in Summonings
 59500 | Shoals:4 | Entered Level 4 of the Shoals
 59500 | Shoals:4 | Identified the cursed +0 ring mail "Xofaclam" {+Inv rC+}
 60489 | Shoals:3 | Reached skill level 5 in Summonings
 60889 | Shoals:4 | Identified the cursed +2 short sword of Experimentation {flame, +Fly MR+ Str-4 Int+2} (You took it off a merfolk on level 4 of the Shoals)
 61000 | Shoals:3 | Gained mutation: You have large cloven feet. [mutagenic glow]
 61081 | Shoals:4 | Reached XP level 21. HP: 91/130 MP: 34/37
 61113 | Shoals:4 | Got a barnacled rune of Zot
 61738 | Shoals:4 | Identified the +1 helmet of Autumn {rPois rCorr MP-9 SInv} (You found it on level 3 of the Elven Halls)
 61739 | Shoals:4 | Noticed Ilsuiw
 61748 | Shoals:4 | Killed Ilsuiw
 62237 | Shoals:4 | Identified the Guide on the Traveller
 62682 | Vaults:1 | Entered Level 1 of the Vaults
 63198 | Vaults:1 | Found Wonoos's Weapon Boutique.
 63267 | Vaults:1 | Reached skill level 10 in Summonings
 64277 | Vaults:1 | Paralysed by a great orb of eyes for 4 turns
 65941 | Vaults:2 | Gained mutation: You are resistant to electric shocks. [potion of beneficial mutation]
 66054 | Vaults:2 | Reached XP level 22. HP: 121/136 MP: 20/38
 66486 | Vaults:2 | Identified the +4 dire flail of Honour {vamp, +Blink rElec MP-9 SInv}
 66499 | Vaults:2 | Noticed Jory
 67047 | Vaults:2 | Learned a level 7 spell: Haunt
 67139 | Vaults:2 | Noticed a caustic shrike
 67139 | Vaults:2 | a shadow dragon changed into a caustic shrike
 67142 | Vaults:2 | a caustic shrike changed into an iron dragon
 67352 | Vaults:2 | Reached skill level 1 in Necromancy
 68214 | Vaults:2 | Identified Deownuf's Catalogue of Beguiling and Summoning
 68730 | Vaults:2 | Killed Jory
 69183 | Vaults:3 | Found Peseane's Food Emporium.
 69523 | Vaults:3 | Reached skill level 5 in Necromancy
 69554 | Vaults:3 | Found Egrafre's Food Boutique.
 70622 | Vaults:3 | Found a staircase to the Crypt.
 70622 | Vaults:3 | Found an ancient bone altar of Kikubaaqudgha.
 70623 | Vaults:3 | Found a basalt altar of Yredelemnul.
 72241 | Vaults:3 | Reached XP level 23. HP: 140/140 MP: 32/40
 72696 | Vaults:4 | Learned a level 7 spell: Summon Hydra
 74698 | Crypt:1  | Entered Level 1 of the Crypt
 74739 | Crypt:1  | Found a magical portal.
 74746 | WizLab   | Entered The Roulette of Golubria
 74748 | WizLab   | Found a corrupted altar of Lugonu.
 74992 | WizLab   | Found a corrupted altar of Lugonu.
 75048 | WizLab   | Reached skill level 15 in Spellcasting
 75050 | WizLab   | Identified the +0 cloak of Rationality {rPois}
 76251 | Crypt:1  | Reached skill level 15 in Summonings
 77021 | Crypt:2  | Upgraded the game from 0.17-a0-1534-gf98da79 to 0.17-a0-1545-gc1bb672
 77497 | Crypt:2  | Reached skill level 15 in Dodging
 77863 | Crypt:2  | Reached XP level 24. HP: 147/147 MP: 40/42
 77899 | Crypt:2  | Reached skill level 1 in Translocations
 77932 | Crypt:2  | HP: 3/147 [jiangshi (23)]
 79214 | Vaults:1 | Reached skill level 5 in Translocations
 79455 | D:9      | Bought a hardcover book for 525 gold pieces
 79460 | D:9      | Learned a level 4 spell: Passage of Golubria
 80110 | D:15     | Killed Roxanne
 80116 | D:15     | Identified Roxanne's Incunabulum of the Rocks and Changing (You took it off Roxanne on level 15 of the Dungeon)
 80477 | Depths:1 | Found a gateway to Hell.
 80516 | Depths:1 | Found a gateway to a ziggurat.
 80961 | Depths:1 | Noticed a lich
 81159 | Depths:1 | Killed a lich
 81292 | Depths:1 | Cast into the Abyss (an ogre mage)
 81499 | Depths:1 | Escaped the Abyss
 81654 | Depths:1 | Identified the ring of Modesty {+/*Tele MP-9 Int-4 Dex+5}
 82735 | Depths:2 | Reached skill level 18 in Stealth
 84074 | Depths:2 | Identified the +1 robe of Qoduomet {rF- Dex+4}
 84084 | Depths:2 | Identified the +0 falchion of Action {vamp, rElec rN+}
 85227 | Depths:3 | Found a one-way gate leading to the halls of Pandemonium.
 85245 | Depths:3 | Paralysed by a vampire knight for 7 turns
 85250 | Depths:3 | HP: 7/148 [vampire knight/battleaxe (27)]
 85251 | Depths:3 | Slain by a stone giant

Vault maps used:
D:1:      sevenhm_arrival_forest_fort_small_6
D:2:      overflow_temple_1_default, hangedman_decor_clover_reticule,
          nemelex_diamond_rough_becter
D:3:      lemuel_tele_altar
D:4:      first_bread, corner_web_ring, uniq_sigmund
D:5:      minmay_temple_entry_butterflies, minmay_misc_feat_enclosed,
          uniq_grinder
D:7:      uniq_prince_ribbit1, uniq_pikel, uniq_duvessa
D:8:      kennysheep_steamy, basic_altar, grunt_pizzeria
D:9:      minmay_goldmine, kennysheep_little_box, grunt_temple_overflow_open,
          lemuel_mausoleum_altar_kikubaaqudgha, serial_shops,
          nicolae_shop_crystal
D:10:     dpeg_oklobed_lair, grunt_ministairs_5, uniq_fannar, uniq_grum
D:12:     zombieorc2_lemuel, basic_altar
D:14:     grunt_vaults_entry_tiered
D:15:     hangedman_depths_entry_civil_slaughter, serial_shops,
          nicolae_shop_overgrown_old_shop, minmay_misc_feat_five,
          nicolae_elemental_shop, uniq_roxanne, uniq_agnes
Temple:   circular_temple_13
Lair:1:   lab_entry_generic, basic_altar
Lair:2:   grunt_megastairs_4
Lair:3:   pond_and_an_island_with_a_cottage, elwin_shoals_entry_rooms,
          spider_nest_entry_webs, beast_lair_carwin_6, lemuel_fruit_fields
Lair:4:   st_stairs_7
Lair:5:   bobbens_ice_dragon_lair, grunt_megastairs_3, bh_autumn_forest_stairs,
          lemuel_fruit_tree
Lair:6:   kennysheep_abandoned_house, grunt_megastairs_1
Lair:7:   portal_ice_cave_entry_ice_beasts
Lair:8:   grunt_lair_end_beastmaster, dpeg_slime_entry_corner,
          minmay_lair_drake_nest
Shoals:3: serial_shops, nicolae_shop_crystal, shoals_oasis
Shoals:4: shoals_end_simple, shoals_ilsuiw_alternative
Spider:1: spiders_nest_wasp_nest
Spider:2: uniq_asterion, uniq_norris, uniq_arachne
Spider:4: grunt_spider_rune_island, guppyfry_wasp_nest, uniq_donald
Orc:1:    serial_shops, shop, uniq_harold
Orc:2:    serial_shops, nicolae_shop_statue_plus
Orc:3:    orc_temple, nicolae_orc_pool_cavern, uniq_urug
Orc:4:    st_orc_mages, basic_altar
Elf:1:    minmay_elf_arrival_circle, minmay_elf_necromancy
Elf:2:    serial_shops, shop_statue, uniq_aizul, uniq_wiglaf
Elf:3:    elf_hall, basic_altar
Vaults:1: st_smaller_cells, ontoclasm_vaults_ring_large,
          hangedman_vaults_stretched_pinwheel, v_misc_11, v_misc_33, v_misc_13,
          vaults_standard_mumra_x, nicolae_vaults_diagonal_hallway_8,
          ontoclasm_vaults_loading_screen, serial_shops,
          nicolae_shop_behind_doors
Vaults:2: vaults_standard_mumra_lines, hangedman_vaults_variations,
          vaults_mumra_chevron_long, v_rooms_6, hangedman_vaults_capsules,
          vaults_room_hallway, v_misc_25, hangedman_vaults_impose, st_eye,
          nicolae_vaults_big_angled_halls, nicolae_vaults_little_squares_3,
          ontoclasm_vaults_ligature, uniq_jory
Vaults:3: vaults_room_ringed_pool, minmay_crypt_entry_necro_gods,
          vaults_room_grid, ontoclasm_vaults_fault, v_misc_15, v_misc_2,
          v_misc_3, hangedman_vaults_snaps, ontoclasm_vaults_ring_large,
          ontoclasm_vaults_eye, nicolae_vaults_what_the_h,
          vaults_room_door_ring, serial_shops, shop_statue, shop_statue
Vaults:4: nicolae_vaults_windows_and_doors_thing, v_misc_2, v_rooms_4,
          nicolae_vaults_shelves_hall, vaults_room_semicircle, vaults_room_pool,
          serial_ice_g, nicolae_vaults_mini_display_case
Crypt:1:  mu_enter_wizlab_6, st_stairs_12
Depths:1: enter_ziggurat_f, old_standard_altar, hell_entry, abyss_entry,
          serial_bayou_pond_b, grunt_tough_drop, kennysheep_random_hallway
Depths:2: hangedman_cross_cluster, hell_entry, kennysheep_small_spiral,
          serial_bayou_shore_b
Depths:3: hangedman_slaughterboxes, hell_entry, pan_entry, abyss_entry
Abyss:3:  evilmike_abyss_exit_12, due_abyss_rune, hangedman_summoners_spam
Lab:      nicolae_lab_dead_adventurers, nicolae_lab_x
IceCv:    ice_cave_small_demon
WizLab:   wizlab_golubria

Action                   |  1- 3 |  4- 6 |  7- 9 | 10-12 | 13-15 | 16-18 | 19-21 | 22-24 || total
-------------------------+-------+-------+-------+-------+-------+-------+-------+-------++-------
Melee: Dagger            |    99 |   174 |   322 |   361 |       |       |       |       ||   956
       Rapier            |       |       |       |   804 |  1961 |   521 |       |       ||  3286
       Quick blade       |       |       |       |       |       |   469 |  1905 |  2619 ||  4993
 Cast: Ensorcelled Hiber |     1 |     5 |    36 |    91 |   139 |   300 |    24 |     3 ||   599
       Tukima's Dance    |       |     1 |     6 |     9 |    91 |     8 |   133 |    44 ||   292
       Confuse           |       |       |    15 |    71 |   129 |   161 |   144 |    86 ||   606
       Dazzling Spray    |       |       |     2 |    15 |    45 |    14 |       |       ||    76
       Corona            |       |       |       |       |     1 |       |       |       ||     1
       Spectral Weapon   |       |       |       |       |    10 |    13 |     4 |     8 ||    35
       Summon Guardian G |       |       |       |       |    14 |    33 |    14 |     4 ||    65
       Mass Confusion    |       |       |       |       |     6 |     3 |     6 |    11 ||    26
       Invisibility      |       |       |       |       |       |     8 |    33 |     6 ||    47
       Apportation       |       |       |       |       |       |     2 |       |       ||     2
       Silence           |       |       |       |       |       |       |     5 |       ||     5
       Inner Flame       |       |       |       |       |       |       |     6 |    22 ||    28
       Summon Hydra      |       |       |       |       |       |       |       |    62 ||    62
       Haunt             |       |       |       |       |       |       |       |    58 ||    58
Evoke: Wand              |       |       |       |       |     2 |     5 |    10 |     5 ||    22
  Use: Scroll            |       |     2 |     8 |    12 |     8 |    22 |    19 |    13 ||    84
       Potion            |       |       |    10 |     1 |     4 |     1 |    10 |     6 ||    32
 Stab: Sleeping          |    12 |    25 |    31 |    91 |   187 |   215 |    56 |    85 ||   702
       Distracted        |     1 |       |     1 |     7 |    15 |    15 |    21 |    35 ||    95
       Confused          |       |       |     7 |    47 |    84 |    81 |    60 |    54 ||   333
       Invisible         |       |       |       |     1 |    16 |    45 |   138 |    40 ||   240
       Fleeing           |       |       |       |       |       |       |       |     1 ||     1
  Eat: Chunk             |     6 |     6 |    18 |    40 |    60 |    41 |    68 |    80 ||   319
       Royal jelly       |       |       |       |       |       |     3 |       |       ||     3
       Meat ration       |       |       |       |       |       |       |     1 |       ||     1
       Pizza             |       |       |       |       |       |       |       |     9 ||     9
